TOP OF THE 1ST |
Mississippi State University Bulldogs batting - Pitching for University of Southern California Trojans : RHP Sanya Mikushevich
|
Pitching: RHP Sanya Mikushevich
|
|
Batting: RHB Frank Pena
|
0-0: Foul Ball, location: 2F 0-1: SINGLE (Groundball, 6MD, EV 96.3 MPH)
|
Batting: RHB Juan Zamora
|
0-0: Foul Ball, location: 2F 0-1: Ball 1-1: Foul Ball, location: 2F 1-2: Foul Ball, location: 2F 1-2: Ball 2-2: Fly out, F6 (Popup, 6, EV 64.4 MPH)
|
Batting: RHB Cesar Martinez
|
0-0: Ball 1-0: Swinging Strike 1-1: Ball 2-1: Grounds into double play, 5-4-3 (Groundball, 56, EV 77.5 MPH)
|
Top of the 1st over - 0 runs, 1 hit, 0 errors, 0 left on base; Mississippi State University 0 - University of Southern California 0 |
BOTTOM OF THE 1ST |
University of Southern California Trojans batting - Pitching for Mississippi State University Bulldogs : RHP Jose Escobar
|
Pitching: RHP Jose Escobar
|
|
Batting: SHB Manny Molina
|
0-0: Called Strike 0-1: Foul Ball, location: 2F 0-2: Fly out, F9 (Flyball, 9, EV 89.4 MPH)
|
Batting: LHB Bill Ford
|
0-0: Called Strike 0-1: Called Strike 0-2: Ball 1-2: Ball 2-2: Foul Ball, location: 2F 2-2: Fly out, F9 (Flyball, 9, EV 85.0 MPH)
|
Batting: RHB Carlos Abrego
|
0-0: Called Strike 0-1: DOUBLE (Flyball, 8RXD, EV 94.4 MPH)
|
Batting: RHB Ray Sims
|
0-0: Ball 1-0: Foul Ball, location: 2F 1-1: Ball 2-1: Foul Ball, location: 2F 2-2: SINGLE (Line Drive, 9S, EV 109.4 MPH) Carlos Abrego to third Runner from 3rd tries for Home, SAFE, throw by RF to home Ray Sims to second
|
Batting: RHB John Corfield
|
0-0: Ball 1-0: Fly out, F8 (Flyball, 8LXD, EV 96.9 MPH)
|
Bottom of the 1st over - 1 run, 2 hits, 0 errors, 1 left on base; Mississippi State University 0 - University of Southern California 1 |
TOP OF THE 2ND |
Mississippi State University Bulldogs batting - Pitching for University of Southern California Trojans : RHP Sanya Mikushevich
|
Batting: RHB Bryan Payne
|
0-0: Foul Ball, location: 2F 0-1: Ball 1-1: Ball 2-1: Ball 3-1: Base on Balls
|
Batting: RHB Larry LeFever
|
0-0: Called Strike 0-1: Ball 1-1: DOUBLE (Line Drive, 89XD, EV 111.9 MPH) Bryan Payne to third
|
Batting: SHB Corey Penson
|
0-0: Ball 1-0: Ground out 5-3 (Groundball, 56S, EV 88.8 MPH) Bryan Payne scores
|
Batting: LHB Dave Carlisle
|
0-0: Called Strike 0-1: Fly out, F6 (Flyball, 56D, EV 92.5 MPH)
|
Batting: RHB Ricky Yerzy
|
0-0: Called Strike 0-1: Ball 1-1: Ball 2-1: Ball 3-1: Ground out 3-1 (Groundball, 34, EV 109.4 MPH)
|
Top of the 2nd over - 1 run, 1 hit, 0 errors, 1 left on base; Mississippi State University 1 - University of Southern California 1 |
BOTTOM OF THE 2ND |
University of Southern California Trojans batting - Pitching for Mississippi State University Bulldogs : RHP Jose Escobar
|
Batting: RHB Hector Fernandez
|
0-0: Called Strike 0-1: Ball 1-1: Swinging Strike 1-2: Foul Ball, location: 2F 1-2: Strikes out looking
|
Batting: RHB Kevin Trull
|
0-0: Ball 1-0: Called Strike 1-1: Ground out U3 (Groundball, 13, EV 83.8 MPH)
|
Batting: RHB Phil Reeves
|
0-0: Called Strike 0-1: Foul Ball, location: 2F 0-2: Foul Ball, location: 2F 0-2: Ball 1-2: Ball 2-2: Strikes out swinging
|
Bottom of the 2nd over - 0 runs, 0 hits, 0 errors, 0 left on base; Mississippi State University 1 - University of Southern California 1 |
TOP OF THE 3RD |
Mississippi State University Bulldogs batting - Pitching for University of Southern California Trojans : RHP Sanya Mikushevich
|
Batting: RHB Alain Marquet
|
0-0: Called Strike 0-1: Foul Ball, location: 2F 0-2: Ground out 6-3 (Groundball, 6, EV 85.0 MPH)
|
Batting: RHB Frank Pena
|
0-0: Ball 1-0: Ball 2-0: Called Strike 2-1: Ball 3-1: Called Strike 3-2: SINGLE (Groundball, 4M, EV 98.8 MPH) (infield hit)
|
Batting: RHB Juan Zamora
|
0-0: Called Strike 0-1: DOUBLE (Line Drive, 89XD, EV 103.1 MPH) Frank Pena to third Runner from 3rd tries for Home, SAFE, throw by CF to trailing runner, SAFE at third!
|
Batting: RHB Cesar Martinez
|
0-0: Called Strike 0-1: 2-RUN HOME RUN (Flyball, 89XD, EV 98.1 MPH), Distance : 419 ft
|
Batting: RHB Bryan Payne
|
0-0: Ball 1-0: Swinging Strike 1-1: Foul Ball, location: 2F 1-2: Ground out U3 (Groundball, 34, EV 83.1 MPH)
|
Batting: RHB Larry LeFever
|
0-0: Ground out 6-3 (Groundball, 6, EV 98.1 MPH)
|
Top of the 3rd over - 3 runs, 3 hits, 0 errors, 0 left on base; Mississippi State University 4 - University of Southern California 1 |
BOTTOM OF THE 3RD |
University of Southern California Trojans batting - Pitching for Mississippi State University Bulldogs : RHP Jose Escobar
|
Batting: RHB Bryan Mattis
|
0-0: Ball 1-0: Ball 2-0: Called Strike 2-1: Swinging Strike 2-2: DOUBLE (Line Drive, 3D, EV 109.4 MPH)
|
Batting: SHB Manny Molina
|
0-0: Swinging Strike 0-1: Foul Ball, location: 2F 0-2: Foul Ball, location: 2F 0-2: Foul Ball, location: 2F 0-2: Ground out 4-3 (Groundball, 4, EV 100.0 MPH) Bryan Mattis to third
|
Batting: LHB Bill Ford
|
0-0: Ball 1-0: Foul Ball, location: 2F 1-1: DOUBLE (Flyball, 8LXD, EV 103.1 MPH) Bryan Mattis scores
|
Batting: RHB Carlos Abrego
|
0-0: Called Strike Bill Ford steals 3rd base 0-1: Called Strike 0-2: Fly out, F9 (Flyball, 89S, EV 87.5 MPH) Runner from 3rd tags up, OUT at HOME! 9-2
|
Bottom of the 3rd over - 1 run, 2 hits, 0 errors, 0 left on base; Mississippi State University 4 - University of Southern California 2 |
TOP OF THE 4TH |
Mississippi State University Bulldogs batting - Pitching for University of Southern California Trojans : RHP Sanya Mikushevich
|
Batting: SHB Corey Penson
|
0-0: Foul Ball, location: 2F 0-1: Ball 1-1: Foul Ball, location: 2F 1-2: Ball 2-2: SINGLE (Flyball, 9S, EV 88.8 MPH)
|
Batting: LHB Dave Carlisle
|
0-0: Ball Balk! Corey Penson to second 1-0: Ground out 3-1 (Groundball, 34S, EV 80.6 MPH) Corey Penson to third
|
Batting: RHB Ricky Yerzy
|
0-0: Ball 1-0: Ground out 4-3 (Groundball, 4S, EV 87.5 MPH) Corey Penson scores
|
Batting: RHB Alain Marquet
|
0-0: Ball 1-0: Foul Ball, location: 2F 1-1: Foul Ball, location: 2F 1-2: Foul Ball, location: 2F 1-2: Fly out, F1 (Line Drive, P, EV 70.0 MPH)
|
Top of the 4th over - 1 run, 1 hit, 0 errors, 0 left on base; Mississippi State University 5 - University of Southern California 2 |
BOTTOM OF THE 4TH |
University of Southern California Trojans batting - Pitching for Mississippi State University Bulldogs : RHP Jose Escobar
|
Batting: RHB Ray Sims
|
0-0: Called Strike 0-1: Ball 1-1: Swinging Strike 1-2: Foul Ball, location: 2F 1-2: Foul Ball, location: 2F 1-2: Fly out, F9 (Flyball, 9LD, EV 95.6 MPH)
|
Batting: RHB John Corfield
|
0-0: Called Strike 0-1: Ball 1-1: Fly out, F8 (Flyball, 89D, EV 91.3 MPH)
|
Batting: RHB Hector Fernandez
|
0-0: Ball 1-0: Ball 2-0: Ball 3-0: Called Strike 3-1: Base on Balls
|
Batting: RHB Kevin Trull
|
0-0: Called Strike 0-1: Foul Ball, location: 2F 0-2: Ball Wild Pitch! Hector Fernandez to second 1-2: Ball 2-2: Ground out 5-3 (Groundball, 5L, EV 88.8 MPH)
|
Bottom of the 4th over - 0 runs, 0 hits, 0 errors, 1 left on base; Mississippi State University 5 - University of Southern California 2 |
TOP OF THE 5TH |
Mississippi State University Bulldogs batting - Pitching for University of Southern California Trojans : RHP Sanya Mikushevich
|
Pitching: RHP Luis Castro
|
|
Batting: RHB Frank Pena
|
0-0: Foul Ball, location: 2F 0-1: Ball 1-1: Called Strike 1-2: Fly out, F3 (Popup, 3SF, EV 81.9 MPH)
|
Batting: RHB Juan Zamora
|
0-0: Fly out, F5 (Line Drive, 5, EV 73.8 MPH)
|
Batting: RHB Cesar Martinez
|
0-0: Ball 1-0: Ball 2-0: Fly out, F8 (Flyball, 89M, EV 93.8 MPH)
|
Top of the 5th over - 0 runs, 0 hits, 0 errors, 0 left on base; Mississippi State University 5 - University of Southern California 2 |
BOTTOM OF THE 5TH |
University of Southern California Trojans batting - Pitching for Mississippi State University Bulldogs : RHP Jose Escobar
|
Batting: RHB Phil Reeves
|
0-0: Swinging Strike 0-1: Called Strike 0-2: Ball 1-2: Fly out, F5 (Flyball, 5D, EV 89.4 MPH)
|
Batting: RHB Bryan Mattis
|
0-0: Foul Ball, location: 2F 0-1: Ball 1-1: Ball 2-1: Foul Ball, location: 2F 2-2: Foul Ball, location: 2F 2-2: Foul Ball, location: 2F 2-2: Foul Ball, location: 2F 2-2: Ground out U3 (Groundball, 34S, EV 77.5 MPH)
|
Batting: SHB Manny Molina
|
0-0: Ball 1-0: Swinging Strike 1-1: SINGLE (Line Drive, 9S, EV 105.0 MPH)
|
Pitching: RHP Zach Green
|
|
Batting: LHB Bill Ford
|
0-0: Ball 1-0: Ball 2-0: Called Strike 2-1: Called Strike 2-2: Ball Manny Molina steals 2nd base (no throw) 3-2: Base on Balls
|
Batting: RHB Carlos Abrego
|
0-0: Ball 1-0: Ball 2-0: Called Strike 2-1: Ball 3-1: Foul Ball, location: 2F 3-2: Base on Balls Manny Molina to third Bill Ford to second
|
Batting: RHB Ray Sims
|
0-0: Foul Ball, location: 2F 0-1: Ball 1-1: Called Strike 1-2: Strikes out swinging
|
Bottom of the 5th over - 0 runs, 1 hit, 0 errors, 3 left on base; Mississippi State University 5 - University of Southern California 2 |
TOP OF THE 6TH |
Mississippi State University Bulldogs batting - Pitching for University of Southern California Trojans : RHP Luis Castro
|
Batting: RHB Bryan Payne
|
0-0: Ground out 5-3 (Groundball, 56S, EV 80.6 MPH)
|
Batting: RHB Larry LeFever
|
0-0: Called Strike 0-1: Called Strike 0-2: Ball 1-2: Ball 2-2: Hit by Pitch
|
Batting: SHB Corey Penson
|
0-0: Foul Ball, location: 2F 0-1: Fielders Choice at 2nd, 4-6 (Groundball, 4D, EV 103.8 MPH)
|
Batting: LHB Dave Carlisle
|
0-0: Called Strike 0-1: Foul Ball, location: 2F 0-2: Foul Ball, location: 2F 0-2: Ball 1-2: Ball 2-2: Foul Ball, location: 2F 2-2: Foul Ball, location: 2F 2-2: Strikes out swinging
|
Top of the 6th over - 0 runs, 0 hits, 0 errors, 1 left on base; Mississippi State University 5 - University of Southern California 2 |
BOTTOM OF THE 6TH |
University of Southern California Trojans batting - Pitching for Mississippi State University Bulldogs : RHP Zach Green
|
Batting: RHB John Corfield
|
0-0: Fly out, F4 (Line Drive, 4, EV 74.4 MPH)
|
Batting: RHB Hector Fernandez
|
0-0: Called Strike 0-1: Foul Ball, location: 2F 0-2: Ball 1-2: Strikes out swinging
|
Batting: RHB Kevin Trull
|
0-0: Foul Ball, location: 2F 0-1: Called Strike 0-2: Strikes out swinging
|
Bottom of the 6th over - 0 runs, 0 hits, 0 errors, 0 left on base; Mississippi State University 5 - University of Southern California 2 |
TOP OF THE 7TH |
Mississippi State University Bulldogs batting - Pitching for University of Southern California Trojans : RHP Luis Castro
|
Batting: LHB Rich Matthews
|
0-0: Ball 1-0: Ball 2-0: Ball 3-0: Base on Balls
|
Pinch Hitting: LHB Yasutoshi Hayashi
|
0-0: Called Strike 0-1: Ball 1-1: Fly out, F7 (Flyball, 7LM, EV 86.3 MPH)
|
Batting: RHB Frank Pena
|
0-0: Ground out 5-3 (Groundball, 56S, EV 65.0 MPH) Rich Matthews to second
|
Batting: RHB Juan Zamora
|
0-0: Ball 1-0: Swinging Strike 1-1: Called Strike 1-2: Ball 2-2: Ball 3-2: Base on Balls
|
Batting: RHB Cesar Martinez
|
0-0: Ball 1-0: Called Strike 1-1: Foul Ball, location: 2F 1-2: SINGLE (Groundball, 6M, EV 105.6 MPH) Rich Matthews to third Juan Zamora to second Runner from 3rd tries for Home, throw by CF and OUT! 8-2
|
Top of the 7th over - 0 runs, 1 hit, 0 errors, 2 left on base; Mississippi State University 5 - University of Southern California 2 |
BOTTOM OF THE 7TH |
University of Southern California Trojans batting - Pitching for Mississippi State University Bulldogs : RHP Zach Green
|
Now at 3B: Bob Kreamer
|
|
Pinch Hitting: LHB Robert George
|
0-0: Ball 1-0: Ball 2-0: Ball 3-0: Called Strike 3-1: Ground out U3 (Groundball, 34, EV 106.3 MPH)
|
Batting: RHB Bryan Mattis
|
0-0: Ball 1-0: Ball 2-0: DOUBLE (Flyball, 9LD, EV 109.4 MPH)
|
Batting: SHB Manny Molina
|
0-0: Ball 1-0: Foul Ball, location: 2F 1-1: Ball 2-1: Ball 3-1: Base on Balls
|
Batting: LHB Bill Ford
|
0-0: Called Strike 0-1: Foul Ball, location: 2F 0-2: Foul Ball, location: 2F 0-2: Foul Ball, location: 2F 0-2: Fly out, F9 (Flyball, 9LS, EV 83.8 MPH)
|
Batting: RHB Carlos Abrego
|
0-0: Ball 1-0: Foul Ball, location: 2F 1-1: Ball 2-1: Called Strike 2-2: Foul Ball, location: 2F 2-2: Foul Ball, location: 2F 2-2: Strikes out swinging
|
Bottom of the 7th over - 0 runs, 1 hit, 0 errors, 2 left on base; Mississippi State University 5 - University of Southern California 2 |
TOP OF THE 8TH |
Mississippi State University Bulldogs batting - Pitching for University of Southern California Trojans : RHP Luis Castro
|
Pitching: RHP Jimmy Wilder
|
|
Now in LF: Bryan Mattis
|
|
Now in RF: Wami Benthami
|
|
Pinch Hitting: LHB Dusty Bryant
|
0-0: Ball 1-0: Ground out 4-3 (Groundball, 4, EV 86.3 MPH)
|
Batting: RHB Larry LeFever
|
0-0: Called Strike 0-1: Ball 1-1: Ball 2-1: Ball 3-1: Base on Balls
|
Batting: SHB Corey Penson
|
0-0: Ball 1-0: Swinging Strike 1-1: Fly out, F8 (Flyball, 8LD, EV 101.9 MPH)
|
Batting: LHB Dave Carlisle
|
0-0: Called Strike 0-1: Ball 1-1: 2-RUN HOME RUN (Flyball, 89XD, EV 103.8 MPH), Distance : 419 ft
|
Batting: LHB Rich Matthews
|
0-0: Fly out, F8 (Line Drive, 8LM, EV 90.6 MPH)
|
Top of the 8th over - 2 runs, 1 hit, 0 errors, 0 left on base; Mississippi State University 7 - University of Southern California 2 |
BOTTOM OF THE 8TH |
University of Southern California Trojans batting - Pitching for Mississippi State University Bulldogs : RHP Zach Green
|
Now in RF: Dave Stone
|
|
Batting: RHB Ray Sims
|
0-0: SINGLE (Flyball, 89S, EV 90.6 MPH)
|
Pinch Hitting: SHB Ethan Villalobos
|
0-0: Ball 1-0: Swinging Strike 1-1: Ball 2-1: Ball 3-1: Swinging Strike 3-2: Foul Ball, location: 2F 3-2: Strikes out looking
|
Batting: RHB Hector Fernandez
|
0-0: Ball 1-0: Ball 2-0: Fly out, F7 (Flyball, 78S, EV 82.5 MPH)
|
Pitching: RHP Narciso Umbelino
|
|
Batting: RHB Kevin Trull
|
0-0: Ball 1-0: Ball 2-0: Foul Ball, location: 2F 2-1: Ball Wild Pitch! Ray Sims to second 3-1: Ground out 6-3 (Groundball, P, EV 92.5 MPH)
|
Bottom of the 8th over - 0 runs, 1 hit, 0 errors, 1 left on base; Mississippi State University 7 - University of Southern California 2 |
TOP OF THE 9TH |
Mississippi State University Bulldogs batting - Pitching for University of Southern California Trojans : RHP Jimmy Wilder
|
Now at 1B: Ethan Villalobos
|
|
Batting: RHB Bob Kreamer
|
0-0: Fly out, F7 (Flyball, 7LS, EV 96.3 MPH)
|
Batting: RHB Frank Pena
|
0-0: Ball 1-0: Swinging Strike 1-1: Foul Ball, location: 2F 1-2: Ball 2-2: Ball 3-2: SINGLE (Groundball, 3D, EV 96.9 MPH)
|
Batting: RHB Juan Zamora
|
0-0: Ball 1-0: Ball Frank Pena steals 2nd base 2-0: Called Strike 2-1: Swinging Strike 2-2: SINGLE (Flyball, 8RS, EV 92.5 MPH) Frank Pena to third Runner from 3rd tries for Home, throw by CF and OUT! 8-2
|
Pitching: LHP Jeffrey Hagerty
|
|
Batting: RHB Cesar Martinez
|
0-0: Foul Ball, location: 2F 0-1: Foul Ball, location: 2F 0-2: Ball 1-2: Ground out 4-3 (Groundball, 4, EV 83.8 MPH)
|
Top of the 9th over - 0 runs, 2 hits, 0 errors, 1 left on base; Mississippi State University 7 - University of Southern California 2 |
BOTTOM OF THE 9TH |
University of Southern California Trojans batting - Pitching for Mississippi State University Bulldogs : RHP Narciso Umbelino
|
Batting: RHB Wami Benthami
|
0-0: Ball 1-0: Called Strike 1-1: Ball 2-1: Swinging Strike 2-2: Strikes out swinging
|
Batting: RHB Bryan Mattis
|
0-0: Ball 1-0: Fly out, F9 (Line Drive, 9D, EV 106.3 MPH)
|
Batting: SHB Manny Molina
|
0-0: Ball 1-0: Ball 2-0: Ball 3-0: Called Strike 3-1: Foul Ball, location: 2F 3-2: Strikes out swinging
|
Bottom of the 9th over - 0 runs, 0 hits, 0 errors, 0 left on base; Mississippi State University 7 - University of Southern California 2 |
|